 Dungeon Crawl Stone Soup version 0.23.2-1-ga50397a6bc (webtiles) character file.

Game seed: 4753757797556411650

260 Mithandil the Shield-Bearer (level 5, -1/47 HPs)
             Began as a Minotaur Fighter on May 30, 2019.
             Slain by a killer bee (2 damage)
             ... on level 4 of the Dungeon.
             The game lasted 00:26:30 (2876 turns).

Mithandil the Shield-Bearer (Minotaur Fighter)      Turns: 2876, Time: 00:26:31

Health: -1/47      AC:  9    Str: 22    XL:     5   Next: 95%
Magic:  4/4        EV:  6    Int:  5    God:
Gold:   259        SH: 10    Dex:  9    Spells: 4/4 levels left

rFire    . . .     SeeInvis .   a - +0 war axe
rCold    + . .     Gourm    .   c - +0 shield
rNeg     . . .     Faith    .   n - +0 chain mail
rPois    +         Spirit   .   q - +0 hat
rElec    .         Reflect  .   (no cloak)
rCorr    .         Harm     .   (no gloves)
MR       .....                  (no boots)
Stlth    ..........             (no amulet)
HPRegen  0.15/turn              d - ring of poison resistance
MPRegen  0.09/turn              j - ring of protection from cold

@: lethally poisoned (-1 -> -7)
A: retaliatory headbutt, horns 2
a: no special abilities


You were on level 4 of the Dungeon.
You were hungry.

You visited 1 branch of the dungeon, and saw 4 of its levels.

You collected 259 gold pieces.

Inventory:

Hand Weapons
 a - a +0 war axe (weapon)
 b - a +0 hunting sling
Missiles
 h - 118 stones (quivered)
 o - 73 arrows
 r - 17 sling bullets
 v - 28 bolts
Armour
 c - a +0 shield (worn)
 n - a +0 chain mail (worn)
 q - a +0 hat (worn)
Jewellery
 d - a ring of poison resistance (left hand)
 i - an uncursed ring of fire
 j - a ring of protection from cold (right hand)
Wands
 g - a wand of digging (6)
 x - a wand of flame (8)
Scrolls
 p - 3 scrolls of remove curse
 y - a scroll of amnesia {unknown}
Potions
 e - a potion of mutation {unknown}
 k - a potion of flight {unknown}
 l - a potion of degeneration {unknown}
 m - a potion of curing {unknown}
 s - 2 potions of resistance
 t - a potion of brilliance {unknown}
 u - a potion of magic
Comestibles
 f - 5 rations
 w - 2 chunks of flesh


   Skills:
 * Level 4.9 Fighting
 * Level 4.3 Axes
 + Level 0.8 Slings
 + Level 4.4 Armour
 + Level 1.7 Dodging
 * Level 5.0 Shields


You had 4 spell levels left.
You didn't know any spells.
Your spell library was empty.

Dungeon Overview and Level Annotations

Branches:
Dungeon (4/15)
 Temple: D:4-7

Altars:
Fedhas
Hepliaklqana
Xom


Innate Abilities, Weirdness & Mutations

You reflexively headbutt those who attack you in melee.
You have a pair of horns on your head.


Message History

The killer bee stings you but does no damage.
You feel sick.
The killer bee stings you but does no damage.
The killer bee stings you but does no damage.
You feel sick. You block the killer bee's attack.
You feel sick. The killer bee barely misses you.
The killer bee stings you but does no damage.
The killer bee stings you but does no damage.
The killer bee stings you.
* * * LOW HITPOINT WARNING * * *
You are more poisoned.
The killer bee poisons you!
Unknown command.
* * * LOW HITPOINT WARNING * * *
You feel sick.
The killer bee stings you but does no damage.
You block the killer bee's attack.
* * * LOW HITPOINT WARNING * * *
You feel sick. The killer bee stings you.
You die...

#.##.....## ....
#.#.......#...#
#####.#.......#...#
#........._.....#
#.....#.......#.#
#.....#.......# ..
#.....##.yyy.## ##
#.....####y####..#
#....)....@......#
#...........######
######......#
#......# ####'###
#.########
#........#
#........#
#........#


You could see 4 killer bees.

Vanquished Creatures
  A killer bee (D:4)
  A crimson imp (D:2)
  2 worker ants
  A howler monkey skeleton (D:4)
  6 adders
  An ooze (D:1)
  An adder zombie (D:4)
  A worm (D:2)
  A leopard gecko (D:2)
  8 bats
  6 giant cockroaches
  5 goblins
  7 hobgoblins
  2 jackals (D:3)
  7 kobolds
  A quokka (D:3)
  2 ball pythons
  A frilled lizard (D:3)
  6 rats
  13 fungi (D:3)
  A plant (D:3)
74 creatures vanquished.

Notes
Turn   | Place    | Note
-------+----------+-------------------------------------------
     0 | D:1      | Mithandil the Minotaur Fighter began the quest for the Orb.
     0 | D:1      | Reached XP level 1. HP: 19/19 MP: 0/0
   176 | D:1      | Reached XP level 2. HP: 21/27 MP: 1/1
   355 | D:1      | Reached skill level 4 in Shields
   580 | D:1      | Reached XP level 3. HP: 32/33 MP: 2/2
   990 | D:2      | Reached skill level 1 in Dodging
  1486 | D:2      | Reached XP level 4. HP: 13/40 MP: 3/3
  2106 | D:3      | Found a blossoming altar of Fedhas.
  2235 | D:3      | Found a shimmering altar of Xom.
  2235 | D:3      | Found a shimmering altar of Xom.
  2235 | D:3      | Found a shimmering altar of Xom.
  2401 | D:3      | Reached XP level 5. HP: 47/47 MP: 4/4
  2798 | D:4      | Found a hazy altar of Hepliaklqana.
  2866 | D:4      | Reached skill level 5 in Shields
  2874 | D:4      | HP: 2/47 [killer bee (3)]
  2876 | D:4      | Slain by a killer bee

Skill      XL: |  1  2  3  4  5 |
---------------+----------------+-----
Shields        | 4 5 |  5.0
Fighting       | 4 |  4.9
Axes           | 3 4 |  4.3
Dodging        | 1 |  1.7
Armour         | 4 |  4.4
Slings         | |  0.8

Action                   |  1- 3 |  4- 6 || total
-------------------------+-------+-------++-------
Melee: War axe           |    89 |   142 ||   231
       Headbutt          |     8 |    31 ||    39
  Use: Scroll            |     4 |     6 ||    10
       Potion            |       |     1 ||     1
  Eat: Chunk             |       |     6 ||     6
Armor: Scale mail        |    30 |       ||    30
       Chain mail        |    32 |    69 ||   101
Dodge: Dodged            |    28 |    31 ||    59
Block: Shield            |    58 |    68 ||   126
